 Dungeon Crawl Stone Soup version 0.25-a0-68-ge58f8a54b6 (webtiles) character file.

Game seed: 653641134656868012, levelgen mode: deterministic

27 iamserjio the Vexing (level 3, 0/24 HPs)
             Began as an Octopode Arcane Marksman on Nov 2, 2019.
             Succumbed to an adder's poison
             ... on level 2 of the Dungeon.
             The game lasted 00:01:29 (1226 turns).

iamserjio the Vexing (Octopode Arcane Marksman)     Turns: 1226, Time: 00:01:30

Health: 0/24       AC:  1    Str: 10    XL:     3   Next: 10%
Magic:  1/5        EV: 14    Int: 15    God:
Gold:   47         SH:  0    Dex: 15    Spells: 3/4 levels left

rFire    + . .     SeeInvis .   e - +0 dagger
rCold    + . .     Gourm    .   (no shield)
rNeg     . . .     Faith    .   (helmet restricted)
rPois    +         Spirit   .   (no amulet)
rElec    +         Reflect  .   h - +3 ring of dexterity
rCorr    +         Harm     .   (no ring)
MR       .....                  (no ring)
Stlth    ++........             (no ring)
HPRegen  0.08/turn              (no ring)
MPRegen  0.09/turn              (no ring)
                                (no ring)
                                (no ring)

@: lethally poisoned (0 -> -6), resistant, flying
A: almost no armour, stealthy swim, amphibious, 8 rings, constrict 8, camouflage
1, gelatinous body 1
a: no special abilities


You were on level 2 of the Dungeon.
You were not hungry.

You visited 1 branch of the dungeon, and saw 2 of its levels.

You collected 47 gold pieces.

Inventory:

Hand Weapons
 e - a +0 dagger (weapon)
Missiles
 a - 17 stones
 b - 5 javelins
 c - a throwing net (quivered) {!f}
 l - 17 sling bullets
Jewellery
 h - a +3 ring of dexterity (left tentacle)
Scrolls
 g - 3 scrolls of identify {unknown}
 j - a scroll of magic mapping {unknown}
Comestibles
 d - 3 rations


   Skills:
 * Level 2.0 Fighting
 - Level 2.0 Throwing
 - Level 2.6 Dodging
 - Level 1.4 Spellcasting
 - Level 3.0 Hexes


You had 3 spell levels left.
You knew the following spells:

 Your Spells              Type           Power        Failure   Level  Hunger
a - Corona                Hex            ##.....      7%          1    ##.....

Your spell library contained the following spells:

 Spells                   Type           Power        Failure   Level  Hunger
 Slow                     Hex            ##......     11%         2    ###....
 Inner Flame              Hex/Fire       #.......     36%         3    ####...
 Portal Projectile        Hex/Tloc       #.....       36%         3    ####...
 Cause Fear               Hex            ##........   56%         4    #####..
 Leda's Liquefaction      Hex/Erth       #.........   77%         4    #####..


Dungeon Overview and Level Annotations

Branches:
Dungeon (2/15)

Altars:


Innate Abilities, Weirdness & Mutations

You cannot wear most types of armour.
You are very stealthy in the water. (Stealth+)
You are amphibious.
You can wear up to eight rings at the same time.
You can use your tentacles to constrict eight enemies at once.
Your skin changes colour to match your surroundings (Stealth+).
Your rubbery body absorbs attacks. (AC +1, EV +1)


Message History

It was a potion of resistance.
You feel protected.
* * * LOW HITPOINT WARNING * * *
You feel sick.
It was a potion of flight.
You feel very buoyant.
You fly up into the air.
* * * LOW HITPOINT WARNING * * *
You feel sick.
You aren't carrying any potions.
* * * LOW HITPOINT WARNING * * *
You feel sick.
You fly downwards.
* * * LOW HITPOINT WARNING * * *
You feel sick. The orc completely misses you.
There is a stone staircase leading up here.
You hit the orc. Your grab misses the orc. The orc barely misses you.
You barely miss the orc. You grab the orc. You squeeze the orc.
You constrict the orc, but do no damage.
You die...

#.# #####.#
.....#
..... ...#
..# ##.#
#.@#
......o...#
..........#
..........#
..........#
..........#
...$..(...#
..........#


You could see an orc.

Vanquished Creatures
  An adder (D:1)
  3 leopard geckos (D:1)
  2 bats (D:1)
  3 frilled lizards (D:1)
  4 goblins (D:1)
  3 kobolds (D:1)
  2 rats (D:1)
18 creatures vanquished.

Notes
Turn   | Place    | Note
-------+----------+-------------------------------------------
     0 | D:1      | iamserjio the Octopode Arcane Marksman began the quest for
                  | the Orb.
     0 | D:1      | Reached XP level 1. HP: 13/13 MP: 2/2
   488 | D:1      | Reached XP level 2. HP: 13/18 MP: 3/3
  1220 | D:1      | Reached XP level 3. HP: 5/24 MP: 0/5
  1224 | D:2      | HP: 1/24 [poisoned by an adder]
  1226 | D:2      | Succumbed to an adder's poison

Levels and vault maps discovered:
D:1:      dpeg_arrival_court, layout_loops_cross, item_on_display_a
D:2:      layout_rooms, nicolae_overflow_crystal_walls, first_ration,
          uniq_crazy_yiuf_cottage

Skill      XL: |  1  2 |
---------------+-------+-----
Fighting       | 2 |  2.0
Throwing       | |  2.0
Dodging        | |  2.6
Spellcasting   | |  1.4
Hexes          | |  3.0

Action                   || total
-------------------------++-------
Melee: Unarmed           ||    16
       Constrict         ||    11
       Dagger            ||    33
       Tentacles         ||     7
Throw: Throwing net      ||     1
 Cast: Corona            ||     5
  Use: Potion            ||     2
 Stab: Sleeping          ||     4
  Eat: Chunk             ||     1
Armor: Skin              ||     6
Dodge: Dodged            ||    35

Table legend:
 A = Non-vault XP
 B = Vault XP
 C = Vault XP percentage of total XP
 D = Non-vault monster count
 E = Vault monster count
 F = Vault count percentage of total count
                 A         B        C        D         E       F
            +---------+---------+-------+---------+---------+-------
      Total |      39 |       0 |   0.0 |      18 |       0 |   0.0
            +---------+---------+-------+---------+---------+-------
        D:1 |      39 |       0 |   0.0 |      18 |       0 |   0.0
            +---------+---------+-------+---------+---------+-------
